cohdb
Replays
Latest Replays
All Replays
Popular Replays
Top Player Replays
Match Explorer
How It Works
Community
CoH3 Stats
Reddit
Sign in to upload your games and track your stats! →
Sign in with Steam
Match 39409300
Unlisted
Match 39409300
Overview
Messages
Build Orders
End
Vickers Machine Gun Team
Selects Canadian Shock Battlegroup
Construct Section Command Post
Dingo Light Scout Car
Construct Field Infirmary
Selects Attacking Spirit
Selects Canadian Shock Section
Canadian Shock Section
Canadian Shock Section
Construct Platoon Command Post
Selects Incendiary Munitions
Infantry Training
6-pounder Anti-tank Gun Team
Selects Pyrotechnics
Canadian Shock Section
Royal Engineer Section
Streamlear
Dekosaur
Marci.
hybroq
0
0
Comments
sign in to comment!
No comments posted yet!